AoeStats
← RatZakk

Nomad

509772612Analyzed
4v4 RM · 3d ago on Sep 28, 2026· 60m 1s· 8 players
Game mode
Random Map
Map size
231×231
Population
200
Speed
Normal
Resources
Standard
Victory
Conquest
Starting age
Dark Age
Ending age
Imperial Age
RankedLock teamsTeams togetherTeam positionsShared explorationLock speedFull tech treeHidden civsTurbo modeCheats
Victory
Defeat
🇹🇼 Khitans · Taiwan
1476
+12
🇺🇸 Malians · United States
1432
+14
🇧🇷 Burmese · Brazil
1296
+20
🇨🇴 Berbers · Colombia
1244
+21
🇦🇷 Inca · Argentina
1497
-21
🇺🇸 Dravidians · United States
1388
-17
🇨🇱 Portuguese · Chile
1343
-15
🇦🇷 Aztecs · Argentina
1315
-14
ReBeL_persi
5:11 Loom
14:09 Feudal Age
16:46 Double-Bit Axe
19:25 Castle Age
17:31 Scale Mail Armor
17:42 Forging
18:00 Gold Mining
18:30 Fishing Lines
19:33 Eagle Warrior
20:29 Chain Mail Armor
20:50 Iron Casting
20:28 Bow Saw
20:02 Horse Collar
27:19 Pikeman
30:16 Wheelbarrow
33:10 Hand Cart
35:30 Stone Mining
36:16 Gold Shaft Mining
38:40 Imperial Age
36:40 Atlatl
38:45 Elite Eagle Warrior
39:53 Conscription
40:25 Garland Wars
40:39 Plate Mail Armor
42:35 Fletching
43:46 Blast Furnace
45:07 Ballistics
47:32 Fortified Wall
48:23 Chemistry
52:25 Bodkin Arrow
Pipenho
5:23 Loom
13:00 Feudal Age
14:40 Double-Bit Axe
18:18 Castle Age
17:29 Fletching
19:25 Bow Saw
19:48 Gold Mining
23:38 Stone Mining
26:45 Medium Warships
44:46 Imperial Age
48:25 Ballistics
50:03 Two-Man Saw
Danilo Solari
6:34 Loom
14:42 Feudal Age
22:03 Town Watch
Erebor.
11:47 Feudal Age
10:44 Loom
12:23 Town Watch
12:26 Double-Bit Axe
15:02 Fletching
28:03 Castle Age
29:26 Wheelbarrow
35:57 Scale Mail Armor
36:23 Bow Saw
35:57 Horse Collar
36:55 Bodkin Arrow
37:00 Crossbowman
38:00 Padded Archer Armor
41:35 Imperial Age
41:39 Ballistics
42:00 Squires
42:22 Bracer
43:28 Chemistry
42:18 Arbalester
44:27 Conscription
47:32 Thumb Ring
48:09 Leather Archer Armor
47:29 Champi Runner
48:15 Pikeman
RatZakk
10:22 Loom
13:04 Feudal Age
18:23 Fletching
25:30 Castle Age
23:45 Padded Archer Armor
24:01 Double-Bit Axe
25:28 Horse Collar
27:38 Leather Archer Armor
30:23 Bloodlines
32:14 Husbandry
33:39 Bodkin Arrow
36:34 Ballistics
40:49 Imperial Age
38:40 Bow Saw
39:13 Wheelbarrow
43:02 Chemistry
43:24 Thumb Ring
44:09 Bracer
44:42 Hand Cart
44:31 Heavy Plow
51:51 Town Watch
51:53 Elite Camel Archer
53:45 Conscription
54:09 Ring Archer Armor
55:13 Maghrebi Camels
57:31 Crop Rotation
60:04 Kasbah
Fpavoni
5:27 Loom
13:31 Feudal Age
16:33 Wheelbarrow
23:22 Castle Age
21:42 Fletching
29:11 Horse Collar
29:49 Town Watch
32:45 Scale Barding Armor
34:23 Husbandry
34:37 Bloodlines
36:29 Hand Cart
37:48 Chain Barding Armor
37:39 Forging
39:00 Heavy Plow
38:31 Pikeman
42:22 Imperial Age
42:19 Iron Casting
41:45 Scale Mail Armor
41:30 Light Cavalry
42:56 Cavalier
43:52 Hussar
45:25 Plate Barding Armor
44:45 Halberdier
50:03 Man-at-Arms
50:46 Squires
51:11 Chain Mail Armor
52:31 Arson
52:13 Elite Battle Elephant
53:03 Capped Ram
53:22 Long Swordsman
53:50 Gambesons
56:54 Crop Rotation
56:15 Two-Handed Swordsman
58:25 Blast Furnace
57:57 Plate Mail Armor
58:17 Champion
59:09 Bodkin Arrow
59:15 Padded Archer Armor
Marchantia
7:26 Loom
12:55 Feudal Age
14:28 Double-Bit Axe
16:18 Forging
16:11 Domestication
20:55 Castle Age
20:57 Scale Barding Armor
22:09 Wheelbarrow
21:41 Husbandry
22:20 Iron Casting
22:40 Bow Saw
22:33 Pastoralism
26:49 Chain Barding Armor
46:12 Hand Cart
46:14 Stone Mining
46:15 Gold Mining
48:05 Stone Shaft Mining
52:54 Imperial Age
53:22 Elite Steppe Lancer
55:24 Plate Barding Armor
56:49 Transhumance
59:19 Light Cavalry
machpatel
9:34 Loom
15:06 Feudal Age
18:46 Castle Age
16:41 Double-Bit Axe
19:43 Fletching
21:40 Bodkin Arrow
23:05 Wheelbarrow
22:12 Fishing Lines
24:28 Medium Warships
24:09 Gillnets
27:30 Padded Archer Armor
28:40 Horse Collar
30:06 Forging
33:45 Bow Saw
37:03 Imperial Age
34:36 Husbandry
34:58 Hand Cart
35:31 Bloodlines
35:49 Scale Barding Armor
36:45 Iron Casting
37:19 Chain Barding Armor
37:26 Cavalier
38:32 Farimba
40:00 Conscription
40:43 Plate Barding Armor
43:50 Heavy Plow
45:47 Sappers
46:51 Gold Mining
48:11 Leather Archer Armor
56:18 Gold Shaft Mining
Connection lost

Rejoining the realm…

Still unreachable

The connection could not be restored.

Session expired

The server has moved on; the page needs a fresh start.